 Dungeon Crawl Stone Soup version 0.30-a0-591-g3c58d2bc28 (webtiles) character file.

Game seed: 1200783661731682666

2548 wormed the Changer (level 9, -5/98 HPs)
             Began as an Octopode Transmuter on Jan 4, 2023.
             Was an Initiate of Gozag.
             Slain by a vampire (8 damage)
             ... on level 7 of the Dungeon.
             The game lasted 00:16:37 (9389 turns).

wormed the Changer (Octopode Transmuter)            Turns: 9389, Time: 00:16:38

Health: -5/98      AC: 10    Str: 10    XL:     9   Next: 56%
Magic:  0/26       EV: 10    Int: 19    God:    Gozag
Gold:   694        SH:  0    Dex: 12    Spells: 13/22 levels left

rFire   x . .      SeeInvis .      - Unarmed
rCold   + + +      Faith    .    (shield currently unavailable)
rNeg    . . .      Spirit   +    (helmet currently unavailable)
rPois   +          Reflect  .    l - amulet of guardian spirit
rElec   .          Harm     .    i - ring of magical power
rCorr   .          Rampage  .    (no ring)
Will    .....                    (no ring) Stlth
                                 (no ring)
HPRegen 0.36/turn                (no ring)
MPRegen 0.20/turn                (no ring)
                                 (no ring)
                                 (no ring)

@: berserking (expiring), ice-form, very quick
A: freezing attack, boosted hp, almost no armour, amphibious, 8 rings, large,
(camouflage 1), (gelatinous body 1), (nimble swimmer 1), (tentacles), (antennae
1), low MP 1
a: End Transformation, Renounce Religion, Potion Petition, Call Merchant, Bribe
Branch


You were on level 7 of the Dungeon.
You worshipped Gozag.
Gozag was pleased with you.
You were a creature of crystalline ice.
You visited 2 branches of the dungeon, and saw 8 of its levels.
You also visited: Sewer.

You collected 751 gold pieces.
You paid 57 gold pieces to Gozag.

Inventory:

Missiles
 o - 4 throwing nets
Armour
 q - a +1 hat (melded)
Magical Staves
 k - a staff of cold (melded)
Jewellery
 i - a ring of magical power (left front paw)
 l - an amulet of guardian spirit (around neck)
Wands
 p - a wand of roots (8)
Scrolls
 a - 2 scrolls of blinking
 h - 4 scrolls of teleportation
 n - 5 scrolls of vulnerability
 s - 2 scrolls of enchant armour
 u - a scroll of magic mapping
 v - 2 scrolls of enchant weapon
Potions
 b - a potion of experience {unknown}
 c - 2 potions of attraction {unknown}
 d - 2 potions of invisibility
 e - 3 potions of curing
 f - a potion of heal wounds
 g - a potion of berserk rage
 j - 2 potions of flight
 m - 2 potions of mutation
 r - a potion of magic {unknown}
 t - a potion of resistance {unknown}


   Skills:
 + Level 2.4 Fighting
 + Level 3.0 Dodging
 + Level 3.7 Unarmed Combat
 + Level 7.2 Spellcasting
 + Level 7.9 Transmutations
 - Level 5.0 Ice Magic


You had 13 spell levels left.
You knew the following spells:

 Your Spells              Type           Power      Damage    Failure   Level
a - Ice Form              Ice/Tmut       31%        N/A       7%          4
b - Wereblood             Tmut           37%        N/A       1%          2
c - Beastly Appendage     Tmut           74%        N/A       1%          1
d - Blink                 Tloc           12%        N/A       16%         2

Your spell library contained the following spells:

 Spells                   Type           Power      Damage    Failure   Level
 Spider Form              Tmut/Pois      21%        N/A       6%          3
 Necrotise                Necr           24%        1d5       10%         1
 Momentum Strike          Conj/Tloc      12%        3d8       16%         2
 Lesser Beckoning         Tloc           12%        N/A       30%         3
 Vampiric Draining        Necr           6%         2d6       30%         3
 Agony                    Necr           6%         N/A       95%         5


Dungeon Overview and Level Annotations

Branches:
Dungeon (7/15)             Temple (1/1) D:4           Sewer (visited)

Altars:
Ashenzari
Cheibriados
Dithmenos
Elyvilon
Fedhas
Gozag
Kikubaaqudgha
Makhleb
Nemelex Xobeh
Okawaru
Qazlal
Ru
Sif Muna
Uskayaw
Vehumet
Wu Jian
Xom
Yredelemnul
The Shining One


Innate Abilities, Weirdness & Mutations

You are a creature of crystalline ice.
You have a powerful freezing melee attack.
Your maximum health is increased.
Your armour is entirely melded.
You are incapable of wielding weapons or throwing items.
You cannot wear most types of armour.
You are amphibious.
You can wear up to eight rings at the same time.
((Your skin changes colour to match your surroundings (Stealth+).))
((Your rubbery body absorbs attacks. (AC +1, EV +1)))
((You are camouflaged when in or above water. (Stealth+)))
((You have tentacles for arms and can constrict up to eight enemies at once.))
((You have a pair of small antennae on your head.))
Your magical capacity is low. (-10% MP)


Message History

Something bites you but does no damage.
You hit something. You freeze something. Something hits you.
Something bites you but does no damage.
You barely miss something. Something hits you but does no damage.
Something bites you.
Something draws strength from your injuries!
A red film seems to cover your vision as you go berserk!
You feel yourself moving faster!
You feel mighty! Something hits you. Something bites you but does no damage.
You hit something. You closely miss something. Something hits you.
Something bites you.
Something draws strength from your injuries!
You punch something! You freeze something. You closely miss something.
Something hits you!
* * * LOW HITPOINT WARNING * * *
Something bites you.
* * * LOW HITPOINT WARNING * * *
Something draws strength from your injuries!
You closely miss something.
You hear some strange, mumbled words.
Something tries to affect you, but you resist.
You hit something but do no damage. You barely miss something.
Something hits you.
* * * LOW HITPOINT WARNING * * *
Something bites you.
* * * LOW HITPOINT WARNING * * *
Something draws strength from your injuries!
You closely miss something. You closely miss something. Something hits you!
* * * LOW HITPOINT WARNING * * *
Something bites you but does no damage.
You punch something! You freeze something. Something hits you.
* * * LOW HITPOINT WARNING * * *
Something bites you but does no damage.
You barely miss something. You barely miss something.
Something draws life force from you!
* * * LOW HITPOINT WARNING * * *
You closely miss something. Something hits you!
You die...
Your body crumbles into a pile of gold.

#.......####.#
#.......# #.#
#.......# #.#
.'.......# #.#
.#.......# #.#
##.......# #.#
######### #.#
#.######
#...Y{.#
######.# #


There were no monsters in sight!

Vanquished Creatures
  Sigmund (D:3)
  Eustachio (D:6)
  Menkaure (D:6)
  2 water moccasins (D:6)
  2 orc warriors
  Duvessa (D:6)
  4 ogres
  A black bear (D:6)
  A centaur (D:6)
  3 phantoms
  A kobold brigand (D:5)
  2 bullfrogs
  A scorpion (D:6)
  A necrophage (D:6)
  Dowan (D:6)
  A hound (D:6)
  3 jellies
  A gnoll bouda (D:6)
  Crazy Yiuf (D:5)
  3 orc priests
  An iguana (D:6)
  11 gnolls (D:6)
  3 adders
  A river rat (D:3)
  2 ufetubi (D:6)
  3 worms
  4 dart slugs
  9 orcs
  8 endoplasms
  3 giant cockroaches
  6 goblins
  10 hobgoblins
  14 kobolds
  2 quokkas
  15 ball pythons
  8 bats
  4 frilled lizards
  14 rats
  A butterfly (D:1)
151 creatures vanquished.

Vanquished Creatures (others)
  A fungus (D:5)
  10 plants
11 creatures vanquished.

Grand Total: 162 creatures vanquished

Notes
Turn   | Place    | Note
-------+----------+-------------------------------------------
     0 | D:1      | wormed the Octopode Transmuter began the quest for the Orb.
     0 | D:1      | Reached XP level 1. HP: 13/13 MP: 3/3
   143 | D:1      | Reached XP level 2. HP: 17/18 MP: 3/5
   148 | D:1      | Learned a level 2 spell: Wereblood
   269 | D:1      | Reached skill level 1 in Ice Magic
   678 | D:1      | Reached XP level 3. HP: 23/23 MP: 3/6
   708 | D:1      | Found a faded altar of an unknown god.
  1887 | D:2      | Reached XP level 4. HP: 28/28 MP: 4/8
  1892 | D:2      | Learned a level 4 spell: Ice Form
  2868 | D:3      | Found a glowing drain.
  3164 | D:3      | Reached XP level 5. HP: 15/33 MP: 6/9
  3267 | Sewer    | Entered a sewer
  3426 | Sewer    | Noticed a kobold brigand
  3426 | Sewer    | Noticed a kobold brigand
  3727 | D:3      | Noticed Sigmund
  3906 | D:4      | Found a staircase to the Ecumenical Temple.
  3923 | Temple   | Entered the Ecumenical Temple
  4042 | Temple   | Became a worshipper of Gozag Ym Sagoz the Greedy
  4202 | D:4      | Found a sacrificial altar of Ru.
  4842 | D:4      | Identified a scroll of acquirement
  4842 | D:4      | Acquired a staff of cold
  4857 | D:5      | Entered Level 5 of the Dungeon
  4990 | D:5      | Gained mutation: You have a pair of small antennae on your
                  | head. [mutagenic glow]
  5004 | D:5      | Gained mutation: Your magical capacity is low. (-10% MP)
                  | [mutagenic glow]
  5339 | D:5      | Noticed an ogre
  5685 | D:5      | Reached XP level 6. HP: 38/38 MP: 10/10
  6060 | D:6      | Noticed a black bear
  6257 | D:6      | Reached XP level 7. HP: 43/43 MP: 11/11
  6301 | D:6      | Noticed Duvessa
  6440 | D:3      | Killed Sigmund
  6731 | D:5      | Reached skill level 5 in Transmutations
  6865 | D:5      | Reached XP level 8. HP: 48/48 MP: 13/13
  7020 | D:5      | Identified the +10 hammer of Patterns {freeze, Will+}
  7026 | D:5      | Found a runed translucent door.
  7027 | D:5      | Noticed Crazy Yiuf
  7035 | D:5      | Paralysed by Crazy Yiuf for 2 turns
  7037 | D:5      | Killed Crazy Yiuf
  7038 | D:5      | Reached skill level 5 in Spellcasting
  7335 | D:5      | Reached skill level 5 in Ice Magic
  7568 | D:6      | Noticed Eustachio
  7580 | D:6      | Killed Eustachio
  7714 | D:6      | Noticed Menkaure
  7720 | D:6      | Killed Menkaure
  7888 | D:6      | Noticed Dowan
  8205 | D:6      | Reached XP level 9. HP: 33/53 MP: 4/17
  8329 | D:5      | Learned a level 2 spell: Blink
  8765 | D:6      | Killed Duvessa
  8770 | D:6      | Killed Dowan
  9388 | D:7      | HP: 3/98 [something (7)]
  9389 | D:7      | Slain by a vampire

Illustrated notes

Levels and vault maps discovered:
D:1:      nicolae_arrival_memento_mori, layout_basic,
          chequers_ecumenical_altar_lobes, hangedman_glass_garden
D:2:      layout_basic, amcnicky_mini_rare_corridor_liquid, minmay_tall_x
D:3:      layout_loops_cross, portal_sewer_entry_a, chequers_arboretum,
          uniq_sigmund
D:4:      layout_basic, nicolae_ru_great_annihilating_truth,
          minmay_temple_entry_arrows
D:5:      layout_loops_ring, lexackson_kobold_supper, uniq_crazy_yiuf_cottage
D:6:      layout_loops_ring, uniq_menkaure, uniq_eustachio, uniq_duvessa
D:7:      layout_basic, lightli_temple_of_fire, enter_bailey_5, serial_shops,
          kennysheep_little_box
Temple:   mainiacjoe_temple_coin_purse

Skill      XL: |  1  2  3  4  5  6  7  8  9 |
---------------+----------------------------+-----
Ice Magic      | 1 2 3 4 5 |  5.0
Transmutations | 3 4 5 7 |  7.9
Spellcasting   | 3 4 6 7 |  7.2
Fighting       | 2 |  2.4
Dodging        | 3 |  3.0
Unarmed Combat | |  3.7

Action                   |  1- 3 |  4- 6 |  7- 9 || total
-------------------------+-------+-------+-------++-------
Melee: Unarmed           |    97 |   127 |   209 ||   433
       Kick              |    26 |    20 |       ||    46
       Constrict         |    25 |    26 |     2 ||    53
       Tentacles         |    13 |    16 |     3 ||    32
       Punch             |     2 |     3 |       ||     5
       Staff             |       |    14 |     8 ||    22
 Cast: Beastly Appendage |    24 |    26 |       ||    50
       Wereblood         |    18 |    28 |     9 ||    55
       Ice Form          |       |     9 |    26 ||    35
  Use: Scroll            |     3 |    11 |     4 ||    18
       Potion            |       |     3 |     3 ||     6
 Stab: Sleeping          |     3 |     5 |       ||     8
       Paralysed         |       |     1 |       ||     1
Armor: Skin              |     6 |    41 |    90 ||   137
Dodge: Dodged            |    54 |    86 |   111 ||   251

Table legend: (Time is in decaauts)
 A = Elapsed time spent in this place.
 B = Non-inter-level travel time spent in this place.
 C = Inter-level travel time spent in this place.
 D = Time resting spent in this place.
 E = Time spent auto-exploring this place.
 F = Levels seen in this place.
 G = Mean time per level.
                   A        B        C        D        E       F      G
               +--------+--------+--------+--------+--------+-----+--------+
         Total |   9370 |   8603 |    767 |    580 |   6328 |   9 | 1041.1 |
       Dungeon |   9025 |   8287 |    738 |    580 |   6145 |   7 | 1289.3 |
        Temple |    128 |     99 |     29 |      0 |     84 |   1 |  128.0 |
         Sewer |    216 |    216 |      0 |      0 |     99 |   1 |  216.0 |
               +--------+--------+--------+--------+--------+-----+--------+

Top non-repeatable levels by time:
     D:5: 2209 daAuts
     D:6: 1636 daAuts
     D:1: 1426 daAuts
     D:2: 1189 daAuts
     D:3: 1180 daAuts
     D:4: 1087 daAuts
     D:7: 296 daAuts
   Sewer: 216 daAuts
  Temple: 128 daAuts
